 Dungeon Crawl Stone Soup version 0.20.1-1-g8b1a95d66d (webtiles) character file.

1389 Brujo888 the Protected (level 8, 0/93 HPs)
             Began as a Barachi Berserker on Nov 22, 2017.
             Was an Elder of Trog.
             Succumbed to a killer bee's poison
             ... on level 7 of the Dungeon.
             The game lasted 00:19:53 (5889 turns).

Brujo888 the Protected (Barachi Berserker)          Turns: 5889, Time: 00:19:54

Health: 0/93       AC:  7    Str: 28    XL:     8   Next: 68%
Magic:  0/8        EV: 13    Int:  8    God:    Trog [****..]
Gold:   358        SH:  0    Dex: 11    Spells: 7/7 levels left

rFire    . . .     SeeInvis .   a - +0 falchion
rCold    . . .     Gourm    .   (no shield)
rNeg     . . .     Faith    .   h - +1 ring mail
rPois    .         Spirit   +   (no helmet)
rElec    .         Reflect  .   (no cloak)
rCorr    .         Harm     .   (no gloves)
MR       .....                  (no boots)
Stlth    ..........             e - amulet of guardian spirit
Regen    0.3/turn               d - +2 ring of strength
MPRegen  0.2/turn               (no ring)

@: berserking, lethally poisoned (0 -> -40), quick
A: +LOS, swims, slowness 1, strong legs 1
a: Hop, Berserk, Trog's Hand, Brothers in Arms, Burn Spellbooks, Renounce
Religion


You were on level 7 of the Dungeon.
You worshipped Trog.
Trog was greatly pleased with you.
You were very hungry.

You visited 1 branch of the dungeon, and saw 7 of its levels.
You also visited: Ossuary.

You collected 358 gold pieces.

Inventory:

Hand Weapons
 a - a +0 falchion (weapon)
Missiles
 t - 3 curare-tipped needles
Armour
 b - a +0 animal skin
 h - a +1 ring mail (worn)
Jewellery
 d - a +2 ring of strength (left hand)
 e - an amulet of guardian spirit (around neck)
Wands
 m - a wand of confusion (20/48)
Scrolls
 g - 4 scrolls of teleportation
 j - 2 scrolls of enchant armour
 k - 2 scrolls of remove curse
 o - a scroll of immolation
 s - a scroll of fear {unknown}
 x - a scroll of identify
 y - 2 scrolls of blinking
 z - 2 scrolls of noise {unknown}
 A - a scroll of enchant weapon {unknown}
Potions
 f - a potion of ambrosia
 i - a potion of agility
 l - 3 potions of curing
 n - a potion of flight
 q - 2 potions of might
 r - a potion of heal wounds
 w - a potion of lignification
Comestibles
 c - 4 bread rations
 p - 5 meat rations
 u - 2 royal jellies
 v - a fruit


   Skills:
 - Level 5.2 Fighting
 - Level 8.0 Long Blades
 * Level 8.2 Armour
 * Level 5.1 Dodging


You had 7 spell levels left.
You didn't know any spells.

Dungeon Overview and Level Annotations

Branches:
Dungeon (7/15)             Temple (0/1) D:4

Altars:
Fedhas
Qazlal
Ru
The Shining One

Shops:
D:4 :


Innate Abilities, Weirdness & Mutations

Shadows flee at your approach. (+LOS)
You can swim through water.
You cover ground slowly.
You can hop short distances.


Message History

The killer bee is lightly wounded.
You are too berserk!
You slash the killer bee!
The killer bee is severely wounded.
* * * LOW HITPOINT WARNING * * *
You feel sick. The killer bee completely misses you.
The killer bee closely misses you. The killer bee misses you.
You hit the killer bee but do no damage.
The killer bee is severely wounded.
* * * LOW HITPOINT WARNING * * *
You feel very sick.
The killer bee barely misses you. x2; You riposte.
You slash the killer bee!
You kill the killer bee!
Trog accepts your kill. The killer bee stings you.
* * * LOW HITPOINT WARNING * * *
The killer bee stings you but does no damage.
You closely miss the killer bee.
The killer bee is severely wounded.
You die...

#....#........######
#....#..............
#....#..............
#....#..............
#....#......<.......
#....#..............
#....#..............
#....#..............
#..@†#..............
#..yy#..............
#....#############+#
#.....# #.....+
#....## #....#
#....# #....#


You could see 2 killer bees.

Vanquished Creatures
  A hippogriff (D:4)
  The ghost of Gargoyl the Skirmisher, an amateur CeAK of Lugonu (D:4)
  3 centaurs
  An elf zombie (Ossuary)
  A bullfrog (D:6)
  A scorpion (D:4)
  A killer bee (D:7)
  A howler monkey (D:5)
  A crimson imp (D:6)
  A hound (D:6)
  3 orc priests
  4 worker ants
  A big kobold zombie (Ossuary)
  A hound zombie (Ossuary)
  4 mummies (Ossuary)
  3 gnolls (D:6)
  7 adders
  A shadow imp (D:5)
  An adder zombie (D:5)
  3 worms
  A dart slug (D:3)
  4 leopard geckos
  17 orcs
  5 giant cockroaches
  2 gnoll zombies (Ossuary)
  12 goblins
  5 hobgoblins
  11 jackals
  5 kobolds
  5 quokkas
  A ball python (D:2)
  8 bats
  8 frilled lizards
  2 goblin zombies (Ossuary)
  2 hobgoblin zombies (Ossuary)
  A jackal zombie (Ossuary)
  A kobold zombie (Ossuary)
  A leopard gecko skeleton (D:6)
  An orc zombie (Ossuary)
  7 rats
139 creatures vanquished.

Notes
Turn   | Place    | Note
-------+----------+-------------------------------------------
     0 | D:1      | Brujo888 the Barachi Berserker began the quest for the Orb.
     0 | D:1      | Reached XP level 1. HP: 18/18 MP: 1/1
   136 | D:1      | Reached XP level 2. HP: 22/25 MP: 2/2
   580 | D:1      | Reached XP level 3. HP: 22/31 MP: 3/3
   817 | D:2      | Reached ** piety under Trog
  1045 | D:2      | Reached XP level 4. HP: 36/38 MP: 4/4
  1527 | D:3      | Reached skill level 5 in Fighting
  1539 | D:3      | Reached XP level 5. HP: 33/44 MP: 5/5
  1585 | D:3      | Reached skill level 5 in Long Blades
  1798 | D:3      | Reached *** piety under Trog
  2163 | D:3      | Noticed a centaur
  2508 | D:3      | Killed a centaur
  2508 | D:3      | Reached XP level 6. HP: 23/51 MP: 6/6
  2892 | D:4      | Found a staircase to the Ecumenical Temple.
  2989 | D:4      | Noticed Gargoyl's ghost (amateur CeAK)
  3000 | D:4      | Killed Gargoyl's ghost
  3039 | D:4      | Noticed a hippogriff
  3056 | D:4      | Killed a hippogriff
  3056 | D:4      | Reached skill level 5 in Armour
  3056 | D:4      | Reached XP level 7. HP: 37/56 MP: 7/7
  3387 | D:4      | Found Koijoe's Book Emporium.
  3554 | D:5      | Entered Level 5 of the Dungeon
  3580 | D:5      | Found a glowing golden altar of the Shining One.
  3733 | D:5      | Found a blossoming altar of Fedhas.
  3794 | D:5      | Found a sacrificial altar of Ru.
  3813 | D:5      | Found a stormy altar of Qazlal.
  4169 | D:6      | Reached XP level 8. HP: 57/62 MP: 8/8
  5278 | D:7      | Found a sand-covered staircase.
  5282 | Ossuary  | Entered an ossuary
  5307 | Ossuary  | Reached **** piety under Trog
  5753 | Ossuary  | Reached skill level 5 in Dodging
  5888 | D:7      | HP: 4/93 [poisoned by a killer bee]
  5889 | D:7      | Succumbed to a killer bee's poison

Skill      XL: |  1  2  3  4  5  6  7  8 |
---------------+-------------------------+-----
Long Blades    | 4 5 6 7 8 |  8.0
Fighting       | 4 5 |  5.2
Armour         | 3 4 5 6 8 |  8.2
Dodging        | 3 5 |  5.1

Action                   |  1- 3 |  4- 6 |  7- 9 || total
-------------------------+-------+-------+-------++-------
Melee: Falchion          |    93 |   151 |   268 ||   512
Invok: Berserk           |       |     4 |     7 ||    11
       Burn Spellbooks   |       |       |     1 ||     1
  Use: Scroll            |       |     1 |     9 ||    10
       Potion            |       |       |     9 ||     9
  Eat: Chunk             |     1 |     3 |     6 ||    10
       Bread ration      |       |     2 |     2 ||     4
       Fruit             |       |       |     1 ||     1
Armor: Animal skin       |     4 |       |       ||     4
       Ring mail         |    27 |    62 |   102 ||   191
Dodge: Dodged            |    53 |   100 |   213 ||   366
       Rpst.: Falchion   |    12 |    18 |    64 ||    94
